 Dungeon Crawl Stone Soup version 0.20-a0-864-g92acfd1 (webtiles) character file.

30 polly the Conjurer (level 3, -1/21 HPs)
             Began as an Octopode Conjurer on Mar 12, 2017.
             Slain by a rat (3 damage)
             ... on level 1 of the Dungeon.
             The game lasted 00:01:42 (826 turns).

polly the Conjurer (Octopode Conjurer)               Turns: 826, Time: 00:01:43

Health: -1/21      AC:  1    Str:  7    XL:     3   Next: 20%
Magic:  1/6        EV: 13    Int: 23    God:
Gold:   40         SH:  0    Dex: 12    Spells: 5/6 levels left

rFire    . . .     SeeInvis .   (no weapon)
rCold    . . .     Gourm    .   (no shield)
rNeg     . . .     Faith    .   (helmet restricted)
rPois    .         Spirit   .   (no amulet)
rElec    .         Reflect  .   (no ring)
rCorr    .         Harm     .   (no ring)
MR       .....                  (no ring)
Stlth    +++.......             (no ring)
Regen    0.1/turn               (no ring)
MPRegen  0.1/turn               (no ring)
                                (no ring)
                                (no ring)

@: brilliant, lethally poisoned (-1 -> -5)
A: almost no armour, stealthy swim, amphibious, 8 rings, constrict 8, camouflage
1, gelatinous body 1
a: no special abilities


You were on level 1 of the Dungeon.
You were not hungry.

You visited 1 branch of the dungeon, and saw 1 of its levels.

You collected 40 gold pieces.

Inventory:

Scrolls
 c - a scroll of identify {unknown}
 d - a scroll of amnesia {unknown}
Books
 a - a book of Conjurations

   Spells                             Type                      Level
   a - Magic Dart                     Conjuration                  1
   b - Searing Ray                    Conjuration                  2
   c - Dazzling Spray                 Conjuration/Hexes            3
   d - Fulminant Prism                Conjuration/Hexes            4
   e - Force Lance                    Conjuration/Translocation    4
   f - Iskenderun's Mystic Blast      Conjuration                  4
Comestibles
 b - a bread ration
 f - a fruit


   Skills:
 + Level 2.2 Dodging
 + Level 2.8 Stealth
 + Level 2.1 Spellcasting
 + Level 4.7 Conjurations


You had 5 spell levels left.
You knew the following spells:

 Your Spells              Type           Power        Failure   Level  Hunger
a - Magic Dart            Conj           ####         1%          1    #......


Dungeon Overview and Level Annotations

Branches:
Dungeon (1/15)

Altars:


Innate Abilities, Weirdness & Mutations

You cannot wear most types of armour.
You are very stealthy in the water. (Stealth+)
You are amphibious.
You can wear up to eight rings at the same time.
You can use your tentacles to constrict eight enemies at once.
Your skin changes colour to match your surroundings (Stealth+).
Your rubbery body absorbs attacks. (AC +1, EV +1)


Message History

You feel sick.
You aren't carrying any potions.
A bat comes into view.
* * * LOW HITPOINT WARNING * * *
You feel sick. The bat closely misses you.
You miss the bat. Your grab misses the bat. Your squeeze misses the bat.
The bat barely misses you.
* * * LOW HITPOINT WARNING * * *
You feel sick. The bat closely misses you. The bat misses you.
Found a stone staircase leading down.
The bat hits you.
* * * LOW HITPOINT WARNING * * *
The rat closely misses you. The bat barely misses you.
You closely miss the bat. Your grab misses the bat.
* * * LOW HITPOINT WARNING * * *
You feel sick. The bat closely misses you. The hobgoblin barely misses you.
The bat closely misses you. The rat bites you.
You die...

#.# ## #.# #.# # ##. .
.#####.## #.# #. #..#.
.......... #.# #.##..>.
###.######## #.#
#...#.#.#####.## ##.##
#.#
..........##...#####...#
###.#
#...#........8.......8..
....#
#....b.K..#...#####...#
##### ##...@g..##.##
##.## #....r...#.# #.##
#........#†# #.##
##.......#.# #.## #
##...>.##.## ##.## #
##...##...#####...# #
##..#..8.......8.. #
#..†#..)#####...# ##
#.####.## ##.##


You could see a hobgoblin, a bat, a kobold and a rat.

Vanquished Creatures
  An adder (D:1)
  3 leopard geckos (D:1)
  2 giant cockroaches (D:1)
  A hobgoblin (D:1)
  2 jackals (D:1)
  3 bats (D:1)
  3 goblins (D:1)
  A kobold (D:1)
  2 rats (D:1)
18 creatures vanquished.

Notes
Turn   | Place    | Note
-------+----------+-------------------------------------------
     0 | D:1      | polly the Octopode Conjurer began the quest for the Orb.
     0 | D:1      | Reached XP level 1. HP: 11/11 MP: 3/3
   151 | D:1      | Reached XP level 2. HP: 3/17 MP: 1/5
   817 | D:1      | Reached XP level 3. HP: 6/21 MP: 0/6
   826 | D:1      | Slain by a rat

Vault maps used:
D:1:      dpeg_cavernosity, minmay_misc_feat_tower

Action                   || total
-------------------------++-------
Melee: Unarmed           ||    17
       Constrict         ||     6
       Tentacles         ||     4
 Cast: Magic Dart        ||    32
  Use: Scroll            ||     2
       Potion            ||     1
Armor: Skin              ||     2
Dodge: Dodged            ||    36
